 Dungeon Crawl Stone Soup version 0.31-a0-816-gd61d57ddb1 (webtiles) character file.

Game seed: 1185832768940412698

123 eduardkhil the Ruffian (level 4, -2/45 HPs)
             Began as a Troll Berserker on Sept 22, 2023.
             Was a Believer of Trog.
             Slain by a gnoll
             ... wielding a +3 flail
              (8 damage)
             ... on level 4 of the Dungeon.
             The game lasted 00:04:49 (2468 turns).

eduardkhil the Ruffian (Troll Berserker)            Turns: 2468, Time: 00:04:50

Health: -2/45      AC:  5    Str: 25    XL:     4   Next: 80%
Magic:  3/3        EV: 10    Int:  5    God:    Trog [**....]
Gold:   143        SH:  0    Dex:  9    Spells: 3/3 levels left

rFire   . .          .
                       - Unarmed
rCold   . . .        (no shield)
rNeg    . . .        a - +0 animal skin
rPois   .            (helmet restricted)
rElec   .            l - +0 cloak
rCorr   .            (gloves unavailable)
SInv    .            (boots unavailable)
Will    .....        (no amulet)
Stlth   +            (no ring)
HPRegen 1.07/turn    (no ring)
MPRegen 0.08/turn

%: no passive effects
@: no status effects
A: large, unfitting armour, claws 3, regeneration 1, shaggy fur 1, tough skin 1
a: Renounce Religion, Berserk, Trog's Hand


You were on level 4 of the Dungeon.
You worshipped Trog.
Trog was pleased with you.
You visited 1 branch of the dungeon, and saw 4 of its levels.

You collected 143 gold pieces.

Inventory:

Armour
 a - a +0 animal skin (worn)
 l - a +0 cloak (worn)
Wands
 g - a wand of iceblast (7)
Scrolls
 b - a scroll of silence {unknown}
 c - a scroll of blinking {unknown}
 d - 2 scrolls of teleportation
 e - a scroll of amnesia {unknown}
 f - a scroll of summoning {unknown}
 i - a scroll of fog {unknown}
 j - a scroll of immolation {unknown}
Potions
 k - a potion of ambrosia


   Skills:
 * Level 3.0 Fighting
 * Level 3.1 Dodging
 * Level 0.6 Stealth
 * Level 4.3 Unarmed Combat


You had 3 spell levels left.
You didn't know any spells.
Your spell library was empty.

Dungeon Overview and Level Annotations

Branches:
Dungeon (4/15)
 Temple: D:4-7

Altars:
Hepliaklqana
Sif Muna


Innate Abilities, Weirdness & Mutations

You are too large for most types of armour.
You have claws for hands.
Your natural rate of healing is unusually fast.
You are covered in fur. (AC +1)
You have tough skin. (AC +1)


Message History

The goblin shouts!
The goblin hits you but does no damage.
There is a stone staircase leading up here.
You closely miss the goblin. You barely miss the goblin.
A gnoll comes into view. It is wielding a +0 halberd.
The goblin closely misses you. The goblin hits you but does no damage.
The gnoll hits you but does no damage.
You climb upwards.
There is a stone staircase leading down here.
You claw the goblin!
You kill the goblin!
Trog accepts your kill.
Things that are here:
a +0 dagger; a +0 sling
There is a stone staircase leading up here.
There is a stone staircase leading down here.
You climb downwards.
The gnoll shouts!
The hobgoblin hits you but does no damage. x2
There is a stone staircase leading up here.
The gnoll hits you from afar with a +0 halberd!
You claw the gnoll!
The gnoll is almost dead.
The gnoll hits you with a +3 flail. The gnoll closely misses you.
The hobgoblin barely misses you.
The gnoll hits you from afar with a +0 halberd!
You claw the hobgoblin!
You kill the hobgoblin!
Trog accepts your kill. The gnoll hits you with a +3 flail!
* * * LOW HITPOINT WARNING * * *
The gnoll hits you from afar with a +0 halberd.
* * * LOW HITPOINT WARNING * * *
The gnoll barely misses you. The gnoll attacks as it pursues you!
The gnoll hits you with a +3 flail.
* * * LOW HITPOINT WARNING * * *
There is a stone staircase leading up here.
The gnoll hits you with a +3 flail!
You die...

##########
#........#
#........#
#........####
#$.[.<.......
#....@....###
#..<.g.....#
#....gg..#.#
##.....#?....
#.......#.##
#.....###.#
#...... #
#......#
#......#


You could see 3 gnolls.

Vanquished Creatures
  Crazy Yiuf (D:3)
  Jessica (D:2)
  A worm (D:2)
  A dart slug (D:2)
  3 ball pythons
  9 endoplasms
  7 goblins
  7 hobgoblins
  6 jackals
  4 kobolds
  6 quokkas
  5 bats
  2 frilled lizards
  3 rats
56 creatures vanquished.

Notes
Turn   | Place    | Note
-------+----------+-------------------------------------------
     0 | D:1      | eduardkhil the Troll Berserker began the quest for the Orb.
     0 | D:1      | Reached XP level 1. HP: 22/22 MP: 0/0
   267 | D:1      | Reached XP level 2. HP: 28/29 MP: 1/1
   861 | D:2      | Found a hazy altar of Hepliaklqana.
   968 | D:2      | Reached XP level 3. HP: 36/36 MP: 2/2
  1237 | D:2      | Noticed Jessica
  1242 | D:2      | Killed Jessica
  1246 | D:2      | Reached ** piety under Trog
  1412 | D:3      | Reached XP level 4. HP: 44/44 MP: 3/3
  1441 | D:3      | Found a runed translucent door.
  1442 | D:3      | Noticed Crazy Yiuf
  1713 | D:3      | Reached skill level 4 in Unarmed Combat
  2012 | D:3      | Found a shimmering blue altar of Sif Muna.
  2380 | D:3      | Killed Crazy Yiuf
  2468 | D:4      | Slain by a gnoll

Illustrated notes

Levels and vault maps discovered:
D:1:      dpeg_arrival_houses_and_road, layout_basic, minmay_stone_trees_medium,
          kennysheep_boxes
D:2:      layout_basic, basic_altar, kennysheep_jessica_study
D:3:      layout_basic, led_sif_pool, patterned_corridor,
          uniq_crazy_yiuf_cottage, uniq_jessica
D:4:      layout_rooms, nicolae_overflow_hidden_temple, serial_demonic,
          serial_demonic_g, serial_demonic_a, serial_demonic_c, serial_demonic_b

Skill      XL: |  1  2  3  4 |
---------------+-------------+-----
Dodging        | 3 |  3.1
Unarmed Combat | 4 |  4.3
Fighting       | 3 |  3.0
Stealth        | |  0.6

Action                     |  1- 3 |  4- 6 || total
---------------------------+-------+-------++-------
  Melee: Unarmed           |    72 |    69 ||   141
         Punch             |     1 |     1 ||     2
    Use: Scroll            |     2 |     1 ||     3
 Armour: Animal skin       |    36 |    57 ||    93
  Dodge: Dodged            |    47 |    45 ||    92

Table legend: (Time is in decaauts)
 A = Elapsed time spent in this place.
 B = Non-inter-level travel time spent in this place.
 C = Inter-level travel time spent in this place.
 D = Time resting spent in this place.
 E = Time spent auto-exploring this place.
 F = Levels seen in this place.
 G = Mean time per level.
                   A        B        C        D        E       F      G
               +--------+--------+--------+--------+--------+-----+--------+
         Total |   2458 |   2347 |    111 |      0 |   1904 |   4 |  614.5 |
       Dungeon |   2458 |   2347 |    111 |      0 |   1904 |   4 |  614.5 |
               +--------+--------+--------+--------+--------+-----+--------+

Top non-repeatable levels by time:
     D:3: 1076 daAuts
     D:1: 764 daAuts
     D:2: 606 daAuts
     D:4: 11 daAuts
